 Dungeon Crawl Stone Soup version 0.15.2 (webtiles) character file.

802 HAWKINGL3623 the Insei (level 7, -1/54 HPs)
             Began as a Vampire Monk on Mar 2, 2016.
             Was a Believer of Makhleb.
             Killed from afar by a deep elf mage (8 damage)
             ... with a shard of ice
             ... on Level 5 of the Dungeon.
             The game lasted 00:20:37 (5827 turns).

HAWKINGL3623 the Insei (Vampire Monk)               Turns: 5827, Time: 00:20:37

HP  -1/54        AC  8     Str 10      XL: 7   Next: 59%
MP   7/7         EV 10     Int 12      God: Makhleb [**....]
Gold 217         SH  0     Dex 18      Spells:  0 memorised,  6 levels left

rFire  . . .     SeeInvis +       - Unarmed
rCold  . . .     Clarity  .     h - +1 ring mail
rNeg   + . .     rCorr    .     (no shield)
rPois  .         rRot     .     (no helmet)
rElec  .         Spirit   .     n - +0 cloak
SustAb .         Warding  .     g - +0 pair of gloves
rMut   .         Stasis   .     (no boots)
Gourm  .                        (no amulet)
MR     .....                    (no ring)
                                i - ring of invisibility

@: lethally poisoned, not resistant to hostile enchantments, fairly stealthy
A: bottle blood, fangs 3, see invisible, unbreathing
a: Bat Form, Bottle Blood, Minor Destruction, Renounce Religion, Evoke
Invisibility


You were on level 5 of the Dungeon.
You worshipped Makhleb.
Makhleb was pleased with you.
You were not thirsty.

You visited 2 branches of the dungeon, and saw 6 of its levels.

You collected 217 gold pieces.

Inventory:

Hand weapons
 a - a +0 blowgun
Missiles
 b - 17 poisoned needles
 c - 5 tomahawks (quivered)
 e - 4 silver javelins
 o - 5 javelins
Armour
 g - a +0 pair of gloves (worn)
 h - a +1 ring mail (worn)
 n - a +0 cloak (worn)
Magical devices
 d - a wand of random effects (5) {unknown}
Scrolls
 j - 5 scrolls of identify
 k - a scroll of remove curse
 l - 4 scrolls of teleportation
 p - a scroll of blinking {unknown}
Jewellery
 i - a ring of invisibility (left hand)
Potions
 f - a potion of curing
 m - a potion of confusion


   Skills:
 + Level 4.1 Fighting
 + Level 2.0 Throwing
 + Level 3.0 Armour
 + Level 5.4 Dodging
 + Level 4.8 Stealth
 + Level 6.1 Unarmed Combat


You had 6 spell levels left.
You didn't know any spells.

Dungeon Overview and Level Annotations

Branches:
Dungeon (5/15)             Temple (1/1) D:5

Altars:
Ashenzari
Cheibriados
Elyvilon
Fedhas
Kikubaaqudgha
Makhleb
Nemelex Xobeh
Okawaru
Qazlal
Trog
Vehumet
Xom
Yredelemnul
Zin
The Shining One


Innate Abilities, Weirdness & Mutations

You can bottle blood from corpses.
You have razor-sharp teeth.
You have supernaturally acute eyesight.
You can survive without breathing.


Message History

You closely miss the deep elf mage.
The deep elf mage is lightly wounded.
You feel sick.
The deep elf mage hits you with a short sword of venom.
You are more poisoned.
You feel sick. The deep elf mage casts a spell at you.
The shard of ice hits you!
You feel sick. The deep elf mage casts a spell at you.
The shard of ice hits you!
* * * LOW HITPOINT WARNING * * *
* * * LOW HITPOINT WARNING * * *
You feel sick.
There is a stone staircase leading up here.
* * * LOW HITPOINT WARNING * * *
You feel sick.
The deep elf mage gestures at you while chanting.
The shard of ice hits you!
You die...

...........#####
..#............#
..#....##(.###.##
..#...(##..e....#
.....#.###......#
.....#.###..##..#
...............e#
..##.#......###.##
.....#####.##...@#
.....#.....##.#.##
.....#.######.###
.##.....# #.#
.##..#.## #.#
###..#.# #.###
###..#.######...#
....##..........###
###############...#


You could see a deep elf mage.

Vanquished Creatures
  Grinder (D:4)
  Edmund (D:4)
  The ghost of HAWKINGL3623 the Bolt Thrower, an average GrWn of Okawaru (D:4)
  Blork the orc (D:4)
  A giant frog skeleton (D:4)
  A hound (D:5)
  3 iguanas
  2 worker ants
  3 adders (D:2)
  An orc skeleton (D:4)
  A shadow imp (D:5)
  A giant mite (D:3)
  A worm (D:3)
  An adder zombie (D:5)
  5 giant geckos
  An ooze (D:1)
  An orc (D:5)
  2 ball pythons
  10 hobgoblins
  2 jackals (D:4)
  13 kobolds
  A quokka (D:5)
  15 bats
  5 giant cockroaches
  6 giant newts
  7 goblins
  A hobgoblin skeleton (D:5)
  A kobold skeleton (D:5)
  14 rats
  A plant (D:1)
104 creatures vanquished.

Notes
Turn   | Place    | Note
--------------------------------------------------------------
     0 | D:1      | HAWKINGL3623, the Vampire Monk, began the quest for the Orb.
     0 | D:1      | Reached XP level 1. HP: 17/17 MP: 1/1
   533 | D:1      | Reached XP level 2. HP: 17/23 MP: 2/2
  1390 | D:2      | Reached XP level 3. HP: 28/28 MP: 3/3
  1406 | D:2      | Reached skill level 5 in Unarmed Combat
  1995 | D:2      | Found a white marble altar of Elyvilon.
  2061 | D:2      | Reached XP level 4. HP: 9/35 MP: 4/4
  3128 | D:3      | Found a shattered altar of Ashenzari.
  3128 | D:3      | Found a glowing golden altar of the Shining One.
  3478 | D:4      | Reached skill level 1 in Armour
  3626 | D:4      | Reached XP level 5. HP: 36/41 MP: 5/5
  3647 | D:4      | Reached skill level 1 in Throwing
  3791 | D:4      | Noticed Grinder
  3825 | D:4      | Killed Grinder
  3825 | D:4      | Reached XP level 6. HP: 35/47 MP: 6/6
  4140 | D:4      | Noticed Edmund
  4184 | D:4      | Noticed HAWKINGL3623's ghost (average GrWn)
  4215 | D:4      | Killed HAWKINGL3623's ghost
  4345 | D:4      | Reached skill level 5 in Dodging
  4476 | D:4      | Killed Edmund
  4476 | D:4      | Reached skill level 6 in Unarmed Combat
  4476 | D:4      | Reached XP level 7. HP: 53/53 MP: 7/7
  4611 | D:4      | Noticed Blork the orc
  4645 | D:4      | Killed Blork the orc
  4987 | D:5      | Entered Level 5 of the Dungeon
  5008 | D:5      | Found a staircase to the Ecumenical Temple.
  5023 | Temple   | Entered the Ecumenical Temple
  5129 | Temple   | Became a worshipper of Makhleb the Destroyer
  5129 | Temple   | Acquired Makhleb's first power
  5129 | Temple   | Acquired Makhleb's second power
  5642 | D:5      | Noticed a deep elf mage
  5827 | D:5      | Killed from afar by a deep elf mage

Action                   |  1- 3 |  4- 6 |  7- 9 || total
-------------------------+-------+-------+-------++-------
Melee: Unarmed           |   187 |   175 |    90 ||   452
 Fire: Blowgun           |       |     8 |    12 ||    20
Throw: Tomahawk          |    17 |     6 |     3 ||    26
       Javelin           |       |    12 |       ||    12
  Use: Potion            |     6 |     9 |       ||    15
       Scroll            |     3 |     2 |       ||     5
 Stab: Sleeping          |     3 |     4 |     2 ||     9
       Distracted        |       |     1 |       ||     1
  Eat: Corpse            |     2 |    15 |     3 ||    20
